 Dungeon Crawl Stone Soup version 0.31-a0-978-g1e143483b6 (webtiles) character file.

Game seed: 2507124474821381771

2893 Rosaphim the Grappler (level 9, 0/89 HPs)
             Began as a Troll Monk on Oct 30, 2023.
             Was a Priest of Makhleb.
             Slain by a bullfrog (4 damage)
             ... on level 7 of the Dungeon.
             The game lasted 00:08:48 (4843 turns).

Rosaphim the Grappler (Troll Monk)                  Turns: 4843, Time: 00:08:50

Health: 0/89       AC:  7    Str: 25    XL:     9   Next: 48%
Magic:  8/8        EV: 11    Int: 12    God:    Makhleb [***...]
Gold:   439        SH:  0    Dex: 12    Spells: 8/8 levels left

rFire   . .          .
                       - Unarmed
rCold   + . .        (no shield)
rNeg    . . .        a - +0 robe
rPois   .            (helmet restricted)
rElec   .            d - +2 cloak
rCorr   .            (gloves unavailable)
SInv    .            (boots unavailable)
Will    .....        (no amulet)
Stlth   +            s - +6 ring of intelligence
HPRegen 1.14/turn    j - ring of protection from cold
MPRegen 0.11/turn

%: no passive effects
@: slowed, very slow
A: large, unfitting armour, claws 3, regeneration 1, shaggy fur 1, tough skin 1
a: Renounce Religion, Minor Destruction, Lesser Servant of Makhleb


You were on level 7 of the Dungeon.
You worshipped Makhleb.
Makhleb was most pleased with you.
You visited 1 branch of the dungeon, and saw 7 of its levels.

You collected 439 gold pieces.

Inventory:

Hand Weapons
 q - the +6 dire flail of Fortitude {drain, rF+}
   (You took it off an ogre on level 6 of the Dungeon)

   rF+:       It protects you from fire.
Missiles
 w - a throwing net
Armour
 a - a +0 robe (worn)
 c - an orb of light
 d - a +2 cloak (worn)
Jewellery
 i - a ring of fire
 j - a ring of protection from cold (right claw)
 s - a +6 ring of intelligence (left claw)
Talismans
 l - a beast talisman
Wands
 r - a wand of light (12)
 u - a wand of charming (2)
 v - a wand of polymorph (7)
Scrolls
 e - 4 scrolls of enchant armour
 f - 3 scrolls of teleportation
 h - a scroll of vulnerability
 k - 4 scrolls of fear
 m - 2 scrolls of fog
 n - 3 scrolls of enchant weapon
Potions
 b - a potion of ambrosia
 g - a potion of attraction
 o - a potion of invisibility
 p - a potion of curing
 t - a potion of might {unknown}


   Skills:
 + Level 6.0 Fighting
 + Level 6.0 Dodging
 * Level 9.8 Unarmed Combat


You had 8 spell levels left.
You didn't know any spells.
Your spell library was empty.

Dungeon Overview and Level Annotations

Branches:
Dungeon (7/15)             Temple (0/1) D:5

Altars:
Ashenzari
Dithmenos
Fedhas
Gozag
Makhleb
Okawaru
Trog
Zin

Shops:
D:2 (


Innate Abilities, Weirdness & Mutations

You are too large for most types of armour.
You have claws for hands.
Your natural rate of healing is unusually fast.
You are covered in fur. (AC +1)
You have tough skin. (AC +1)


Message History

You closely miss the orc priest. The bullfrog hits you.
* * * LOW HITPOINT WARNING * * *
The bullfrog closely misses you. The centaur barely misses you.
The centaur kicks you but does no damage.
The bullfrog hits you but does no damage.
The bullfrog hits you.
* * * LOW HITPOINT WARNING * * *
The wraith hits you but does no damage.
The orc priest hits you but does no damage.
The centaur hits you but does no damage.
The centaur kicks you but does no damage.
You scratch the orc priest.
The orc priest is moderately wounded.
The bullfrog barely misses you. x2
The centaur hits you but does no damage.
The centaur kicks you.
* * * LOW HITPOINT WARNING * * *
The wraith closely misses you. The orc priest misses you.
The bullfrog hits you but does no damage.
The bullfrog misses you.
The centaur hits you but does no damage.
The centaur completely misses you.
You mangle the orc priest!!
You kill the orc priest!
Makhleb accepts your kill.
You can now summon a lesser servant of Makhleb.
The bullfrog barely misses you. x2
The centaur hits you but does no damage.
The centaur barely misses you. The wraith hits you but does no damage.
The bullfrog hits you.
* * * LOW HITPOINT WARNING * * *
The bullfrog hits you.
* * * LOW HITPOINT WARNING * * *
The centaur closely misses you.
The centaur kicks you but does no damage.
The bullfrog misses you. The centaur closely misses you.
The centaur completely misses you. The bullfrog hits you.
* * * LOW HITPOINT WARNING * * *
The bullfrog hits you.
You die...

########........############
#.<...†.....................
.............#+###..........
.............+...#..........
.............#.#.#..........
........#..###.#...#####....
...........###'#######...#..
.(...............F)...... .
........#.#.....@FWY.....
#........c)......
###.#...##..#.... #......
.## ... ####... .# . #.....#
.>...## ....


You could see a wraith, an ice beast, 2 bullfrogs and a centaur.

Vanquished Creatures
  The ghost of crabbyslav the Chopper, a novice HuBe of Trog (D:6)
  Grinder (D:3)
  Sigmund (D:4)
  Menkaure (D:4)
  An orc warrior (D:6)
  2 sky beasts (D:6)
  4 black bears
  3 ogres
  A centaur (D:5)
  A phantom (D:5)
  3 bullfrogs
  A scorpion (D:4)
  A gnoll sergeant (D:6)
  2 orc priests
  2 hounds
  2 jellies (D:5)
  A sleepcap (D:6)
  2 iguanas
  Natasha (twice) (D:2)
  3 orc wizards
  3 gnolls (D:6)
  6 adders
  A white imp (D:4)
  2 worms
  3 dart slugs
  13 orcs
  9 ball pythons
  5 bats
  10 endoplasms
  4 giant cockroaches
  4 goblins
  9 hobgoblins
  8 jackals
  9 kobolds
  5 quokkas
  3 frilled lizards
  7 rats
136 creatures vanquished.

Vanquished Creatures (collateral kills)
  A howler monkey (D:7)
1 creature vanquished.

Vanquished Creatures (others)
  A hound (D:7)
1 creature vanquished.

Grand Total: 138 creatures vanquished

Notes
Turn   | Place    | Note
-------+----------+-------------------------------------------
     0 | D:1      | Rosaphim the Troll Monk began the quest for the Orb.
     0 | D:1      | Reached XP level 1. HP: 22/22 MP: 0/0
    43 | D:1      | Reached XP level 2. HP: 27/29 MP: 1/1
   236 | D:1      | Reached XP level 3. HP: 35/36 MP: 2/2
   492 | D:2      | Found Fezaph Zamo's Antique Weapon Shoppe.
   650 | D:2      | Noticed Natasha
   657 | D:2      | Killed Natasha
   658 | D:2      | Reached skill level 4 in Unarmed Combat
   658 | D:2      | Reached XP level 4. HP: 34/45 MP: 3/3
   720 | D:2      | Noticed Natasha
   730 | D:2      | Killed Natasha
   820 | D:2      | Identified the +1 hand axe of Burning Prudence {flame, rC+
                  | Will+}
  1154 | D:3      | Reached XP level 5. HP: 50/53 MP: 4/4
  1694 | D:3      | Noticed Grinder
  1718 | D:3      | Killed Grinder
  1719 | D:3      | Reached skill level 5 in Unarmed Combat
  1719 | D:3      | Reached XP level 6. HP: 41/62 MP: 5/5
  1909 | D:4      | Found an iron altar of Okawaru.
  1963 | D:4      | Found a blossoming altar of Fedhas.
  2044 | D:4      | Reached skill level 6 in Unarmed Combat
  2044 | D:4      | Reached XP level 7. HP: 38/68 MP: 6/6
  2223 | D:4      | Found a burning altar of Makhleb.
  2223 | D:4      | Found a glowing silver altar of Zin.
  2224 | D:4      | Noticed an angel
  2224 | D:4      | Noticed a cacodemon
  2235 | D:4      | Noticed Menkaure
  2246 | D:4      | Killed Menkaure
  2265 | D:4      | Became a worshipper of Makhleb the Destroyer
  2265 | D:4      | Reached * piety under Makhleb
  2265 | D:4      | Reached ** piety under Makhleb
  2307 | D:4      | Found an opulent altar of Gozag.
  2596 | D:4      | Noticed Sigmund
  2601 | D:4      | Killed Sigmund
  2670 | D:5      | Entered Level 5 of the Dungeon
  2713 | D:5      | Found a staircase to the Ecumenical Temple.
  2723 | D:5      | Reached skill level 7 in Unarmed Combat
  2729 | D:5      | Reached XP level 8. HP: 79/79 MP: 7/7
  2880 | D:5      | Found a bloodstained altar of Trog.
  2996 | D:5      | Reached skill level 5 in Fighting
  2996 | D:5      | Reached skill level 5 in Dodging
  2996 | D:5      | Reached skill level 8 in Unarmed Combat
  3606 | D:6      | Identified the +6 dire flail of Fortitude {drain, rF+}
  3608 | D:6      | Noticed crabbyslav's ghost (novice HuBe)
  3614 | D:6      | Reached XP level 9. HP: 80/88 MP: 8/8
  3645 | D:6      | Reached skill level 9 in Unarmed Combat
  3772 | D:6      | Found a transporter.
  3793 | D:6      | Found a transporter.
  3841 | D:6      | Found a shadowy altar of Dithmenos.
  3844 | D:6      | Found a broken altar of Ashenzari.
  4731 | D:6      | Killed crabbyslav's ghost
  4842 | D:7      | Reached *** piety under Makhleb
  4843 | D:7      | HP: 4/89 [bullfrog (4)]
  4843 | D:7      | Slain by a bullfrog

Illustrated notes

Levels and vault maps discovered:
D:1:      saegor_arrival_simple_e, layout_rooms
D:2:      layout_basic, serial_shops, shop, uniq_natasha
D:3:      layout_basic, uniq_grinder
D:4:      layout_loops_ring, grunt_temple_overflow_order_and_chaos_2,
          grunt_gozag_statues, mainiacjoe_overflow_brackets,
          amcnicky_altar_gilded, nicolae_eternal_life, uniq_sigmund,
          uniq_menkaure
D:5:      layout_loops_cross, trog_ov_bears_minmay,
          minmay_temple_entry_steel_oval
D:6:      layout_layer_cave, jmf_multi_god_temple, gammafunk_ghost_smash
D:7:      layout_basic, enter_bailey_5

Skill      XL: |  1  2  3  4  5  6  7  8  9 |
---------------+----------------------------+-----
Fighting       | 3 4 5 6 |  6.0
Dodging        | 3 4 5 6 |  6.0
Unarmed Combat | 4 5 6 7 8 9 |  9.8

Action                     |  1- 3 |  4- 6 |  7- 9 || total
---------------------------+-------+-------+-------++-------
  Melee: Unarmed           |    78 |   116 |   180 ||   374
         Punch             |       |     3 |     8 ||    11
  Evoke: Wand              |       |       |     1 ||     1
    Use: Scroll            |     2 |     6 |     3 ||    11
         Potion            |       |     3 |     1 ||     4
   Stab: Sleeping          |       |       |     1 ||     1
         Invisible         |       |       |     1 ||     1
 Armour: Robe              |    52 |    69 |   157 ||   278
  Dodge: Dodged            |    35 |    62 |   112 ||   209

Table legend: (Time is in decaauts)
 A = Elapsed time spent in this place.
 B = Non-inter-level travel time spent in this place.
 C = Inter-level travel time spent in this place.
 D = Time resting spent in this place.
 E = Time spent auto-exploring this place.
 F = Levels seen in this place.
 G = Mean time per level.
                   A        B        C        D        E       F      G
               +--------+--------+--------+--------+--------+-----+--------+
         Total |   4812 |   4594 |    218 |    140 |   3650 |   7 |  687.4 |
       Dungeon |   4812 |   4594 |    218 |    140 |   3650 |   7 |  687.4 |
               +--------+--------+--------+--------+--------+-----+--------+

Top non-repeatable levels by time:
     D:6: 1464 daAuts
     D:4: 842 daAuts
     D:2: 687 daAuts
     D:3: 687 daAuts
     D:5: 628 daAuts
     D:1: 442 daAuts
     D:7: 59 daAuts
